 Dungeon Crawl Stone Soup version 0.24-a0-375-g4de66ed42b (webtiles) character file.

Game seed: 11655058899466846700

66 Goodini51 the Gusty (level 3, -6/14 HPs)
             Began as a Felid Air Elementalist on May 31, 2019.
             Mangled by Robin
             ... wielding a +2 vampiric trident
              (7 damage)
             ... on level 2 of the Dungeon.
             The game lasted 00:09:55 (1541 turns).

Goodini51 the Gusty (Felid Air Elementalist)        Turns: 1541, Time: 00:09:55

Health: -6/14      AC:  5    Str:  4    XL:     3   Next: 96%
Magic:  1/7        EV: 18    Int: 17    God:
Gold:   44         SH:  0    Dex: 16    Spells: 1/7 levels left
                                        Lives:  0   Deaths: 0

rFire    . . .     SeeInvis +   (weapon unavailable)
rCold    . . .     Gourm    .   (shield unavailable)
rNeg     . . .     Faith    .   (armour unavailable)
rPois    .         Spirit   .   (helmet unavailable)
rElec    .         Reflect  .   (cloak unavailable)
rCorr    .         Harm     .   (gloves unavailable)
MR       .....                  (boots unavailable)
Stlth    +++.......             (no amulet)
HPRegen  0.04/turn              c - +4 ring of protection
MPRegen  0.10/turn              (no ring)

@: quick
A: very small, no armour, no weapons or thrown items, stealth, claws 1, fangs 3,
see invisible, carnivore, speed 1, shaggy fur 1, slow metabolism 1, sharp paws
a: no special abilities


You were on level 2 of the Dungeon.
You were not hungry.

You visited 1 branch of the dungeon, and saw 2 of its levels.

You collected 44 gold pieces.

Inventory:

Jewellery
 c - a +4 ring of protection (left paw)
 j - a +2 ring of evasion
Scrolls
 a - 2 scrolls of amnesia {unknown}
 d - a scroll of fog {unknown}
 g - a scroll of remove curse {unknown}
 i - a scroll of blinking {unknown}
 k - a scroll of fear {unknown}
Potions
 e - a potion of curing {unknown}
 f - 2 potions of agility
 h - a potion of flight {unknown}
Comestibles
 b - 2 rations


   Skills:
 + Level 2.6 Dodging
 + Level 3.2 Stealth
 + Level 0.2 Unarmed Combat
 * Level 2.6 Spellcasting
 + Level 1.1 Conjurations
 * Level 3.7 Air Magic


You had one spell level left.
You knew the following spells:

 Your Spells              Type           Power        Failure   Level  Hunger
a - Shock                 Conj/Air       ##..         7%          1    #......
b - Swiftness             Chrm/Air       #.......     13%         2    ##.....
c - Static Discharge      Conj/Air       ##......     21%         3    ###....

Your spell library contained the following spells:

 Spells                   Type           Power        Failure   Level  Hunger
 Airstrike                Air            ###.......   36%         4    #####..
 Lightning Bolt           Conj/Air       ##........   88%         5    ######.


Dungeon Overview and Level Annotations

Branches:
Dungeon (2/15)

Altars:
Ashenzari

Annotations:
D:2 Robin


Innate Abilities, Weirdness & Mutations

You cannot wear armour.
You are incapable of wielding weapons or throwing items.
Your paws allow you to move quietly. (Stealth)
You have sharp claws.
You have razor-sharp teeth.
You have supernaturally acute eyesight. (SInv)
You are carnivorous and can eat meat at any time.
You cover ground quickly.
You are covered in fur. (AC +1)
You have a slow metabolism.
Your sharp claws are effective at attacking unaware monsters.


Message History

You scratch the goblin but do no damage.
The goblin is heavily wounded.
Robin hits you from afar with a +2 vampiric trident.
* * * LOW HITPOINT WARNING * * *
Robin draws strength from your wounds! The goblin closely misses you.
Sorry, you're not good enough to have a special ability.
You scratch the goblin.
You kill the goblin!
Robin hits you but does no damage.
You scratch the hobgoblin.
The hobgoblin is severely wounded.
The hobgoblin completely misses you.
Robin hits you from afar with a +2 vampiric trident.
* * * LOW HITPOINT WARNING * * *
You closely miss the hobgoblin. Your bite misses the hobgoblin.
The hobgoblin is severely wounded.
The hobgoblin hits you but does no damage.
Robin hits you from afar with a +2 vampiric trident!
Ouch! That really hurt!
You die...

#)###.# #...#####...#⌠.#
#.....# ...........####
#####)#######.##.........#
#..)............#....#
#####........####.##..
#.###.#### #.##.. #.# #.#
#.##.. #g# #.# #.##(. #@#
#.# #.##.. #.# #g# #.##.)
#g###.# ###.##.. #.).#.#
#...##.. ###.#.# #.####..
#.#.# #.# #.. #.#.# #)#
#.. ######.#.# #.# ###
..>.......# #.# #


You could see Robin and a hobgoblin.

Vanquished Creatures
  An adder (D:2)
  An ooze (D:2)
  A worm (D:2)
  A dart slug (D:2)
  2 leopard geckos
  4 bats
  A giant cockroach (D:1)
  4 hobgoblins
  3 jackals (D:2)
  A frilled lizard (D:2)
  14 goblins
  6 kobolds
  3 rats (D:2)
42 creatures vanquished.

Notes
Turn   | Place    | Note
-------+----------+-------------------------------------------
     0 | D:1      | Goodini51 the Felid Air Elementalist began the quest for
                  | the Orb.
     0 | D:1      | Reached XP level 1. HP: 7/7 MP: 4/4
   250 | D:1      | Reached XP level 2. HP: 10/11 MP: 1/6
   335 | D:1      | Learned a level 2 spell: Swiftness
   417 | D:1      | Reached skill level 1 in Conjurations
   827 | D:2      | Reached XP level 3. HP: 12/14 MP: 3/7
   900 | D:2      | Found a shattered altar of Ashenzari.
  1403 | D:2      | Learned a level 3 spell: Static Discharge
  1466 | D:2      | Noticed Robin
  1541 | D:2      | Mangled by Robin

Levels and vault maps discovered:
D:1:      dpeg_arrival_stonehenge_8_columns, layout_rooms
D:2:      layout_loops_ring, evilmike_ruin_ashenzari, first_ration,
          kennysheep_generic_room_2, uniq_robin

Skill      XL: |  1  2 |
---------------+-------+-----
Air Magic      | 3 |  3.7
Conjurations   | 1 |  1.1
Stealth        | 3 |  3.2
Dodging        | |  2.6
Unarmed Combat | |  0.2
Spellcasting   | |  2.6

Action                   || total
-------------------------++-------
Melee: Unarmed           ||    50
       Bite              ||     3
 Cast: Shock             ||    79
       Static Discharge  ||     2
  Eat: Chunk             ||     4
Armor: Skin              ||    11
Dodge: Dodged            ||    39

Table legend:
 A = Non-vault XP
 B = Vault XP
 C = Vault XP percentage of total XP
 D = Non-vault monster count
 E = Vault monster count
 F = Vault count percentage of total count
                 A         B        C        D         E       F
            +---------+---------+-------+---------+---------+-------
      Total |      76 |      19 |  20.0 |      32 |      10 |  23.8
            +---------+---------+-------+---------+---------+-------
        D:1 |      17 |       0 |   0.0 |       9 |       0 |   0.0
        D:2 |      59 |      19 |  24.4 |      23 |      10 |  30.3
            +---------+---------+-------+---------+---------+-------
